 Dungeon Crawl Stone Soup version 0.29.1-15-g9cfb28693d (webtiles) character file.

Game seed: 12187730432628359296

4 Gustavia the Sneak (level 1, -1/13 HPs)
             Began as a Kobold Brigand on Feb 28, 2023.
             Slain by a quokka (3 damage)
             ... on level 1 of the Dungeon.
             The game lasted 00:02:20 (250 turns).

Gustavia the Sneak (Kobold Brigand)                  Turns: 250, Time: 00:02:21

Health: -1/13      AC:  3    Str:  8      XL:     1   Next: 66%
Magic:  1/1        EV: 14    Int: 11 (12) God:
Gold:   0          SH:  0    Dex: 15 (16) Spells: 0/0 levels left

rFire   . . .      SeeInvis .   a - +2 dagger
rCold   . . .      Faith    .   (no shield)
rNeg    . . .      Spirit   .   b - +0 robe
rPois   .          Reflect  .   (no helmet)
rElec   .          Harm     .   c - +0 cloak
rCorr   .          Rampage  .   (no gloves)
Will    .....                   (no boots)
Stlth   ++++......              (no amulet)
HPRegen 0.04/turn               (no ring)
MPRegen 0.07/turn               (no ring)

@: no status effects
A: small, no large weapons, nightstalker 3, talons 1, deterioration 1, screaming
1
a: no special abilities


You were on level 1 of the Dungeon.
You visited 1 branch of the dungeon, and saw 1 of its levels.

Inventory:

Hand Weapons
 a - a +2 dagger (weapon)
Missiles
 d - 7 poisoned darts (quivered)
 e - 3 curare-tipped darts
Armour
 b - a +0 robe (worn)
 c - a +0 cloak (worn)
Potions
 f - a potion of mutation


   Skills:
 + Level 2.3 Fighting
 + Level 2.6 Short Blades
 + Level 2.1 Throwing
 + Level 1.2 Dodging
 + Level 5.5 Stealth


You couldn't memorise any spells.
You didn't know any spells.
Your spell library was empty.

Dungeon Overview and Level Annotations

Branches:
Dungeon (1/15)

Altars:


Innate Abilities, Weirdness & Mutations

You are small and have problems with some larger weapons.
You are completely attuned to the shadows.
You have sharp toenails.
Your body sometimes deteriorates upon taking damage.
You occasionally shout uncontrollably at your foes.


Message History

Aim: a quokka (51% to hit)
You throw a poisoned dart. The poisoned dart hits the quokka.
The endoplasm jiggles.
You see here a frilled lizard corpse.
You hit the endoplasm but do no damage. You claw the endoplasm.
The endoplasm is severely wounded.
The endoplasm barely misses you. The quokka bites you.
Your body deteriorates!
You feel dopey.
You hit the endoplasm. You claw the endoplasm.
You kill the endoplasm!
The rat bites you but does no damage. x2; The quokka barely misses you.
You closely miss the rat. The quokka closely misses you.
An endoplasm comes into view.
The rat completely misses you. The rat misses you.
The endoplasm quivers.
You hit the rat.
You kill the rat!
The quokka barely misses you.
You closely miss the quokka. The rat closely misses you.
The quokka completely misses you.
You hit the quokka.
The quokka is moderately wounded.
The rat bites you.
Your body deteriorates!
You feel clumsy. The quokka barely misses you. The rat barely misses you.
The quokka misses you.
You hit the rat. You claw the rat.
You kill the rat!
The quokka barely misses you. The endoplasm closely misses you.
You hit the endoplasm but do no damage. You claw the endoplasm.
The endoplasm is lightly wounded.
The quokka bites you.
* * * LOW HITPOINT WARNING * * *
The endoplasm hits you.
* * * LOW HITPOINT WARNING * * *
You hit the endoplasm.
You kill the endoplasm!
The quokka bites you.
You die...

....(####
....(..... #+#
..........##.#
...?.........#
.............#
....r†.......#
.....@.......#
....#........#
....#..).....#...
#####......#.#....
#......#'#....
...........#...
...#####.......
... #.......
...###....#.


You could see a quokka.

Vanquished Creatures
  2 endoplasms (D:1)
  A ball python (D:1)
  A frilled lizard (D:1)
  2 rats (D:1)
6 creatures vanquished.

Notes
Turn   | Place    | Note
-------+----------+-------------------------------------------
     0 | D:1      | Gustavia the Kobold Brigand began the quest for the Orb.
     0 | D:1      | Reached XP level 1. HP: 12/12 MP: 1/1
    26 | D:1      | Gained mutation: Your body sometimes deteriorates upon
                  | taking damage. [potion of mutation]
    26 | D:1      | Gained mutation: You occasionally shout uncontrollably at
                  | your foes. [potion of mutation]
    26 | D:1      | Gained mutation: You have sharp toenails. [potion of
                  | mutation]
   250 | D:1      | Slain by a quokka

Illustrated notes

Levels and vault maps discovered:
D:1:      dpeg_arrival_tiny_a, layout_basic,
          shapermc_ecumenical_altar_hornbeckon

Action                   || total
-------------------------++-------
Melee: Dagger            ||    11
       Kick              ||     4
Throw: Dart              ||     2
  Use: Scroll            ||     1
       Potion            ||     1
Armor: Robe              ||     2
Dodge: Dodged            ||    13
